 Dungeon Crawl Stone Soup version 0.27-a0-1525-g1038ab4fd7 (webtiles) character file.

Game seed: 18013911704796197465

70 nyamberluvr69 the Insei (level 4, -2/35 HPs)
             Began as a Djinni Transmuter on July 10, 2021.
             Slain by a hound (4 damage)
             ... on level 4 of the Dungeon.
             The game lasted 00:04:37 (3523 turns).

nyamberluvr69 the Insei (Djinni Transmuter)         Turns: 3523, Time: 00:04:38

Health: -2/35      AC:  4    Str: 15    XL:     4   Next: 44%
Gold:   114        EV: 12    Int: 15    God:
                   SH:  0    Dex: 14

rFire    + + .     SeeInvis .     - Unarmed
rCold    x . .     Faith    .   (no shield)
rNeg     . . .     Spirit   .   a - +0 robe
rPois    ∞         Reflect  .   (no helmet)
rElec    .         Harm     .   l - +0 cloak
rCorr    .         Rampage  .   p - +0 pair of gloves
Will     .....                  (boots unavailable)
Stlth    +.........             (no amulet)
HPRegen  0.11/turn              d - +6 ring of strength
MPRegen  0.00/turn              (no ring)

@: about to teleport, flying
A: sickness immunity, fire resistance 2, cold vulnerability 1, float, innate
caster, hp casting, extra vitality 1
a: no special abilities


You were on level 4 of the Dungeon.
You visited 1 branch of the dungeon, and saw 4 of its levels.

You collected 114 gold pieces.

Inventory:

Armour
 a - a +0 robe (worn)
 l - a +0 cloak (worn)
 p - a +0 pair of gloves (worn)
Jewellery
 d - a +6 ring of strength (left hand)
Scrolls
 c - a scroll of acquirement {unknown}
 e - 3 scrolls of identify
 f - a scroll of blinking {unknown}
 i - a scroll of holy word {unknown}
 k - a scroll of silence {unknown}
 m - a scroll of brand weapon {unknown}
 o - a scroll of vulnerability {unknown}
 q - a scroll of fog {unknown}
Potions
 g - 2 potions of brilliance {unknown}
 h - a potion of might {unknown}
 j - a potion of curing {unknown}
 n - 2 potions of flight {unknown}
 r - a potion of haste {unknown}


   Skills:
 * Level 3.2 Fighting
 - Level 2.1 Dodging
 + Level 3.7 Unarmed Combat
 - Level 1.5 Spellcasting


You couldn't memorise any spells.
You knew the following spells:

 Your Spells              Type           Power      Damage    Failure   Level
a - Beastly Appendage     Tmut           10%        N/A       12%         1
b - Wereblood             Tmut           5%         N/A       19%         2
c - Spider Form           Tmut/Pois      2%         N/A       36%         3
d - Ice Form              Ice/Tmut       5%         N/A       77%         4
e - Corona                Hex            5%         N/A       12%         1
Your spell library was empty.

Dungeon Overview and Level Annotations

Branches:
Dungeon (4/15)
 Temple: D:4-7

Altars:
Uskayaw
Yredelemnul


Innate Abilities, Weirdness & Mutations

You are immune to sickness and miasma.
You are immune to poison.
Your flesh is very heat resistant. (rF++)
You are vulnerable to cold. (rC-)
You float through the air rather than walking.
You learn spells naturally, not from books.
Your magical power is your life essence.
You have superior vitality. (+4 HP)


Message History

The hound closely misses you. The hound misses you.
The hound closely misses you. The hound bites you but does no damage.
The hound bites you.
* * * LOW HITPOINT WARNING * * *
Okay, then.
The hound bites you but does no damage. The hound bites you but does no damage.
The hound closely misses you. The hound barely misses you.
The hound closely misses you.
The hound pauses to sniff the ground.
The hound bites you.
* * * LOW HITPOINT WARNING * * *
The hound bites you.
* * * LOW HITPOINT WARNING * * *
The hound bites you.
* * * LOW HITPOINT WARNING * * *
The hound stops to sniff the ground.
The hound misses you.
As you read the scroll labelled VIEWINUEL, it crumbles to dust.
It is a scroll of identify.
b - a scroll of teleportation The hound barely misses you.
The hound closely misses you. The hound barely misses you.
The hound misses you.
As you read the scroll of teleportation, it crumbles to dust.
You feel strangely unstable. The hound bites you but does no damage.
The hound bites you.
* * * LOW HITPOINT WARNING * * *
The hound barely misses you.
A giant cockroach comes into view.
The hound completely misses you.
Found a scroll of identify.
The hound bites you.
* * * LOW HITPOINT WARNING * * *
Found 28 stones.
The hound bites you.
You die...

...........#
..........(#
...........+ ..........#
#......?.+
...B...######## ##
#............# ..
#.#.@#########.##.###
#.#hh#..............#
####.#..#.#######.#.#...
........#.#....<#.#... .
####....#.#.###.#.# ....
#....#.#.#...#.# ....
#....#.#.#.#.#.# ##.
#....#.#.#.#.#.# .
#....#.#...#.#.#


You could see 2 hounds and a giant cockroach.

Vanquished Creatures
  2 adders (D:2)
  3 ball pythons (D:2)
  6 endoplasms
  4 giant cockroaches
  3 goblins
  2 hobgoblins (D:3)
  11 jackals
  2 quokkas
  3 bats
  2 frilled lizards (D:2)
  A kobold (D:3)
  4 rats
43 creatures vanquished.

Vanquished Creatures (others)
  9 plants (D:3)
9 creatures vanquished.

Grand Total: 52 creatures vanquished

Notes
Turn   | Place    | Note
-------+----------+-------------------------------------------
     0 | D:1      | nyamberluvr69 the Djinni Transmuter began the quest for the
                  | Orb.
     0 | D:1      | Reached XP level 1. HP: 17/17 MP: 0/0
   176 | D:1      | Found a faded altar of an unknown god.
   566 | D:1      | Reached XP level 2. HP: 22/22 MP: 0/0
  1477 | D:2      | Reached XP level 3. HP: 28/28 MP: 0/0
  1477 | D:2      | Learned a level 1 spell: Corona
  1976 | D:2      | Reached XP level 4. HP: 16/34 MP: 0/0
  2140 | D:2      | Found a hide-covered altar of Uskayaw.
  2955 | D:3      | Found a basalt altar of Yredelemnul.
  3523 | D:4      | Slain by a hound

Illustrated notes

Levels and vault maps discovered:
D:1:      grunt_arrival_lava_bath, layout_basic,
          hellmonk_ecumenical_altar_leap_of_faith
D:2:      layout_loops_cross, basic_altar
D:3:      layout_rooms, mainiacjoe_overflow_small_starburst, serial_bayou,
          serial_bayou_lake_a, serial_bayou_lagoon_a, serial_bayou_pond_d,
          serial_bayou_crossing
D:4:      minmay_diamond_boxcup, layout_basic,
          mainiacjoe_overflow_cross_hatched, uniq_menkaure

Skill      XL: |  1  2  3  4 |
---------------+-------------+-----
Fighting       | 2 3 |  3.2
Dodging        | |  2.1
Unarmed Combat | |  3.7
Spellcasting   | |  1.5

Action                   |  1- 3 |  4- 6 || total
-------------------------+-------+-------++-------
Melee: Unarmed           |   113 |    84 ||   197
       Headbutt          |     4 |     6 ||    10
       Punch             |     1 |     2 ||     3
 Cast: Beastly Appendage |     7 |     8 ||    15
  Use: Scroll            |       |     2 ||     2
Armor: Robe              |    17 |    45 ||    62
Dodge: Dodged            |    79 |    85 ||   164

Table legend: (Time is in decaauts)
 A = Elapsed time spent in this place.
 B = Non-inter-level travel time spent in this place.
 C = Inter-level travel time spent in this place.
 D = Time resting spent in this place.
 E = Time spent auto-exploring this place.
 F = Levels seen in this place.
 G = Mean time per level.
                   A        B        C        D        E       F      G
               +--------+--------+--------+--------+--------+-----+--------+
         Total |   3510 |   3414 |     96 |    805 |   2180 |   4 |  877.5 |
       Dungeon |   3510 |   3414 |     96 |    805 |   2180 |   4 |  877.5 |
               +--------+--------+--------+--------+--------+-----+--------+

Top non-repeatable levels by time:
     D:2: 1495 daAuts
     D:1: 1017 daAuts
     D:3: 906 daAuts
     D:4: 90 daAuts
